AoeStats
← the.emptydeere

Arabia

510909674Analyzed
1v1 RM · 9h ago on Oct 3, 2026· 37m 3s· 2 players
Game mode
Random Map
Map size
Tiny (2 player)
Population
200
Speed
Normal
Resources
Standard
Victory
Conquest
Starting age
Dark Age
Ending age
Imperial Age
RankedLock teamsTeams togetherTeam positionsShared explorationLock speedFull tech treeHidden civsTurbo modeCheats
Victory
Defeat
🇺🇸 Mongols · United States
833
+16
🇺🇸 Portuguese · United States
823
-16
Dusky
4:42 Loom
9:36 Feudal Age
10:59 Wheelbarrow
13:51 Double-Bit Axe
20:14 Castle Age
19:36 Forging
19:33 Padded Archer Armor
25:06 Pikeman
29:07 Scale Mail Armor
31:59 Forging
the.emptydeere
10:29 Feudal Age
12:17 Bloodlines
12:46 Scale Barding Armor
12:53 Forging
13:10 Loom
19:46 Castle Age
17:54 Double-Bit Axe
17:57 Horse Collar
20:12 Fletching
25:40 Light Cavalry
29:35 Padded Archer Armor
31:25 Gold Mining
31:51 Masonry
32:30 Bodkin Arrow
Connection lost

Rejoining the realm…

Still unreachable

The connection could not be restored.

Session expired

The server has moved on; the page needs a fresh start.